 Dungeon Crawl Stone Soup version 0.21-a0-442-g848f44b (webtiles) character file.

6514 Goblin1989 the Blocker (level 11, -3/87 HPs)
             Began as a Gnoll Fighter on Nov 16, 2017.
             Was an Elder of Okawaru.
             Slain by a large abomination (12 damage)
             ... on level 2 of the Abyss.
             The game lasted 00:20:18 (7820 turns).

Goblin1989 the Blocker (Gnoll Fighter)              Turns: 7820, Time: 00:20:19

Health: -3/87      AC: 18    Str: 21    XL:     11   Next: 0%
Magic:  19/19      EV: 14    Int: 12    God:    Okawaru [****..]
Gold:   330        SH: 13    Dex: 14    Spells: 21/21 levels left

rFire    . . .     SeeInvis .   a - +0 flail
rCold    . . .     Gourm    .   c - +0 shield
rNeg     + . .     Faith    .   O - +0 chain mail
rPois    .         Spirit   .   V - +0 helmet
rElec    .         Reflect  .   (no cloak)
rCorr    .         Harm     .   (no gloves)
MR       .....                  B - +2 pair of boots
Stlth    +.........             r - amulet of regeneration
HPRegen  0.64/turn              X - ring of loudness (curse)
MPRegen  0.16/turn              Y - ring of positive energy

@: heroism
A: distributed training, fangs 1, deterioration 1, strong nose
a: Heroism, Renounce Religion


You were on level 2 of the Abyss.
You worshipped Okawaru.
Okawaru was greatly pleased with you.
You were not hungry.

You visited 1 branch of the dungeon, and saw 9 of its levels.
You visited the Abyss 1 time.

You collected 500 gold pieces.
You spent 170 gold pieces at shops.

Inventory:

Hand Weapons
 a - a +0 flail (weapon)
 w - a +3 blowgun {@w1}
 E - a +0 hunting sling
Missiles
 x - 18 poisoned needles
 z - 13 javelins (quivered)
 C - 257 stones
 K - 43 bolts
 L - 44 sling bullets
 Q - 5 needles of confusion {god gift}
 Z - a throwing net {!d}
Armour
 c - a +0 shield (worn)
 B - a +2 pair of boots (worn)
 O - a +0 chain mail (worn)
 V - a +0 helmet (worn)
Jewellery
 r - an amulet of regeneration (around neck)
 u - an uncursed ring of flight {unknown}
 S - an uncursed ring of poison resistance {unknown}
 X - a cursed ring of loudness (left hand)
 Y - a ring of positive energy (right hand)
Wands
 I - a wand of random effects (24/48)
 N - a wand of scattershot (2/9)
Scrolls
 l - a scroll of magic mapping {unknown}
 n - 2 scrolls of amnesia {unknown}
 y - 10 scrolls of teleportation {!r, @r3}
 A - a scroll of recharging {unknown}
 F - a scroll of enchant weapon {unknown}
 J - a scroll of enchant armour {unknown}
 R - 2 scrolls of identify {@r1}
 T - a scroll of fear
 U - a scroll of immolation
 W - a scroll of acquirement {unknown}
Potions
 j - 4 potions of curing {@q1}
 v - a potion of invisibility
 H - 2 potions of lignification
 M - 2 potions of heal wounds {@q2, !q}
 P - a potion of cancellation
Comestibles
 e - 9 bread rations {@e1}
 h - 8 meat rations {@e2}
 o - 3 royal jellies
 D - 4 fruits


   Skills:
 + Level 8.8(13.8) Fighting
 + Level 5.7(10.7) Short Blades
 + Level 5.7(10.7) Long Blades
 + Level 5.7(10.7) Axes
 + Level 7.4(12.4) Maces & Flails
 + Level 5.7(10.7) Polearms
 + Level 5.7(10.7) Staves
 + Level 5.7(10.7) Slings
 + Level 5.7(10.7) Bows
 + Level 5.7(10.7) Crossbows
 + Level 5.7(10.7) Throwing
 + Level 8.8(13.8) Armour
 + Level 5.7(10.7) Dodging
 + Level 5.7(10.7) Stealth
 + Level 8.8(13.8) Shields
 + Level 5.7(10.7) Unarmed Combat
 + Level 5.7 Spellcasting
 + Level 4.7 Conjurations
 + Level 4.7 Hexes
 + Level 4.7 Charms
 + Level 4.7 Summonings
 + Level 4.7 Necromancy
 + Level 4.7 Translocations
 + Level 4.7 Transmutations
 + Level 4.7 Fire Magic
 + Level 4.7 Ice Magic
 + Level 4.7 Air Magic
 + Level 4.7 Earth Magic
 + Level 4.7 Poison Magic
 + Level 6.2 Invocations
 + Level 5.7 Evocations


You had 21 spell levels left.
You didn't know any spells.

Dungeon Overview and Level Annotations

Branches:
Dungeon (9/15)             Temple (0/1) D:4
   Lair: D:8-11         Orc: D:9-12

Altars:
Cheibriados
Dithmenos
Kikubaaqudgha
Makhleb
Nemelex Xobeh
Okawaru
Sif Muna
Wu Jian
Zin

Shops:
D:4 (=?(   D:5 %

Annotations:
D:9 Erolcha


Innate Abilities, Weirdness & Mutations

Your experience applies equally to all skills.
You have very sharp teeth.
Your uncanny sense of smell can sniff out nearby items.
Your body sometimes deteriorates upon taking damage.


Message History

You hit the ironheart preserver.
The ironheart preserver is moderately wounded.
The ironheart preserver disappears in a puff of smoke!
You hit the worldbinder but do no damage.
The worldbinder is moderately damaged.
The worldbinder hits you but does no damage. x2
You block the worldbinder's attack.
The worldbinder hits you but does no damage.
MP restored: 18 You hit the worldbinder.
You bite the worldbinder, but do no damage.
The worldbinder is moderately damaged.
The worldbinder calls forth creatures from the Vaults!
You hit the worldbinder but do no damage.
The worldbinder is moderately damaged.
You block the worldbinder's attack. The worldbinder closely misses you.
You hit the worldbinder.
The worldbinder is heavily damaged.
The yaktaur disappears in a puff of smoke!
The vault sentinel blows a loud note on a signal horn!
The worldbinder misses you.
The worldbinder hits you but does no damage.
You hear a hideous shriek!
You sock the worldbinder!
The worldbinder is severely damaged.
You block the worldbinder's attack.
The worldbinder hits you but does no damage.
You hit the worldbinder.
The worldbinder is severely damaged.
You block the worldbinder's attack.
The worldbinder hits you but does no damage.
You thump the worldbinder!
You destroy the worldbinder!
Okawaru is honoured by your kill.
The ironheart preserver disappears in a puff of smoke!
The yaktaur disappears in a puff of smoke!
The vault sentinel disappears in a puff of smoke!
You have reached level 11!
You regained 4 hp, and now have 69/87 hp.
MP restored: 19 Unknown command.
Unknown command.
You feel like a meek peon again.
You eat one of the 5 fruits.
That coconut was delicious!
A large abomination comes into view.
You gain the combat prowess of a mighty hero.
The large abomination hits you!!
You take 21 damage, and have 58/87 hp.
MASSIVE DAMAGE!!
You now have 17/19 mp.
You hit the large abomination but do no damage.
The large abomination hits you!
You take 7 damage, and have 51/87 hp.
You hit the large abomination but do no damage.
You block the large abomination's attack.
You hit the large abomination.
You bite the large abomination, but do no damage.
The large abomination is lightly damaged.
You hit the large abomination but do no damage.
The large abomination is lightly damaged.
The large abomination closely misses you.
You hit the large abomination but do no damage.
The large abomination is lightly damaged.
The large abomination barely misses you.
You sock the large abomination!
The large abomination is moderately damaged.
The large abomination hits you!!
* * * LOW HITPOINT WARNING * * *
You take 17 damage, and have 36/87 hp.
You hit the large abomination but do no damage.
You bite the large abomination, but do no damage.
The large abomination is moderately damaged.
The large abomination barely misses you.
You hit the large abomination but do no damage.
The large abomination is moderately damaged.
You block the large abomination's attack.
You sock the large abomination!
The large abomination is heavily damaged.
You hit the large abomination but do no damage.
The large abomination is heavily damaged.
You block the large abomination's attack.
You hit the large abomination but do no damage.
The large abomination is heavily damaged.
The large abomination hits you!
* * * LOW HITPOINT WARNING * * *
You take 8 damage, and have 30/87 hp.
You sock the large abomination!
The large abomination is severely damaged.
The large abomination hits you!!
* * * LOW HITPOINT WARNING * * *
You take 23 damage, and have 7/87 hp.
MASSIVE DAMAGE!!
You hit the large abomination but do no damage.
You bite the large abomination, but do no damage.
The large abomination is severely damaged.
The large abomination hits you but does no damage.
You thump the large abomination!
The large abomination is almost destroyed.
You block the large abomination's attack.
Your chain mail prevents you from hitting the large abomination.
The large abomination is almost destroyed.
The large abomination hits you!
You die... ≈ █ █ █.██l.█. . . . .██ █ █ █. .█ . █.█. .██.█ .█. ██>█

.. █ . █ ..██.█.
█ █ .
..█████.██.█ █
....█ .....██ .█
█ █.....█.█.█..█
█.██.█.██.@...██
█..... .██.X█.██
. █..█.█.████
.█..█.█.. .. █ █
.███.█. █.█ █.
██...██ ██ █
...X█ ....█.█ .
... . . .


You could see a large abomination.

Vanquished Creatures
  A two-headed ogre (D:8)
  The ghost of theanonym the Ruffian, a novice DrTm (D:7)
  An ugly thing (D:7)
  A worldbinder (Abyss:2)
  The ghost of tilp the Magician, a novice DEFE (D:6)
  A komodo dragon (shapeshifter) (Abyss:2)
  A hungry ghost (D:8)
  Menkaure (D:7)
  Edmund (D:6)
  2 swamp worms (D:9)
  Duvessa (D:6)
  2 orc warriors
  2 phantoms
  4 sky beasts
  6 ogres
  A centaur (D:4)
  A crocodile (D:9)
  A bullfrog (D:6)
  A wyvern zombie (D:8)
  Dowan (D:6)
  A scorpion (D:7)
  15 killer bees
  5 wights (D:7)
  5 crimson imps
  2 orc priests
  2 bullfrog skeletons
  5 hounds
  6 orc wizards
  3 worker ants
  A killer bee zombie (D:5)
  A hound skeleton (D:4)
  2 worker ant zombies (D:5)
  Robin (D:4)
  9 adders
  A shadow imp (D:6)
  2 oozes
  2 adder skeletons
  An adder zombie (D:6)
  12 worms
  3 dart slugs (D:1)
  3 leopard geckos
  15 orcs
  5 bats
  2 giant cockroaches
  15 goblins
  6 hobgoblins
  8 jackals
  6 quokkas
  5 frilled lizards
  A giant cockroach zombie (D:6)
  A jackal skeleton (D:4)
  A jackal zombie (D:5)
  8 kobolds
  2 leopard gecko skeletons
  A quokka skeleton (D:4)
  5 rats
194 creatures vanquished.

Vanquished Creatures (others)
  4 plants
4 creatures vanquished.

Grand Total: 198 creatures vanquished

Notes
Turn   | Place    | Note
-------+----------+-------------------------------------------
     0 | D:1      | Goblin1989 the Gnoll Fighter began the quest for the Orb.
     0 | D:1      | Reached XP level 1. HP: 23/23 MP: 1/1
   146 | D:1      | Reached XP level 2. HP: 28/29 MP: 2/2
   521 | D:2      | Reached XP level 3. HP: 33/35 MP: 3/3
   837 | D:2      | Reached skill level 1 in Short Blades
   837 | D:2      | Reached skill level 1 in Long Blades
   837 | D:2      | Reached skill level 1 in Axes
   837 | D:2      | Reached skill level 1 in Polearms
   837 | D:2      | Reached skill level 1 in Staves
   837 | D:2      | Reached skill level 1 in Slings
   837 | D:2      | Reached skill level 1 in Bows
   837 | D:2      | Reached skill level 1 in Crossbows
   837 | D:2      | Reached skill level 1 in Throwing
   837 | D:2      | Reached skill level 1 in Dodging
   837 | D:2      | Reached skill level 1 in Stealth
   837 | D:2      | Reached skill level 1 in Unarmed Combat
   837 | D:2      | Reached skill level 1 in Spellcasting
   837 | D:2      | Reached skill level 1 in Invocations
   837 | D:2      | Reached skill level 1 in Evocations
   837 | D:2      | Reached XP level 4. HP: 25/41 MP: 3/5
  1052 | D:2      | Found an iron altar of Okawaru.
  1055 | D:2      | Reached skill level 1 in Conjurations
  1055 | D:2      | Reached skill level 1 in Hexes
  1055 | D:2      | Reached skill level 1 in Charms
  1055 | D:2      | Reached skill level 1 in Summonings
  1055 | D:2      | Reached skill level 1 in Necromancy
  1055 | D:2      | Reached skill level 1 in Translocations
  1055 | D:2      | Reached skill level 1 in Transmutations
  1055 | D:2      | Reached skill level 1 in Fire Magic
  1055 | D:2      | Reached skill level 1 in Ice Magic
  1055 | D:2      | Reached skill level 1 in Air Magic
  1055 | D:2      | Reached skill level 1 in Earth Magic
  1055 | D:2      | Reached skill level 1 in Poison Magic
  1087 | D:2      | Became a worshipper of Warmaster Okawaru
  1373 | D:2      | Found a glowing silver altar of Zin.
  1647 | D:3      | Reached XP level 5. HP: 44/47 MP: 6/6
  2293 | D:4      | Reached XP level 6. HP: 45/53 MP: 8/8
  2354 | D:4      | Reached skill level 5 in Maces & Flails
  2587 | D:4      | Found Hewuen's Magic Scroll Emporium.
  2594 | D:4      | Bought a scroll of identify for 20 gold pieces
  2594 | D:4      | Bought a scroll of remove curse for 30 gold pieces
  2594 | D:4      | Bought a scroll of fear for 35 gold pieces
  2594 | D:4      | Bought a scroll of random uselessness for 10 gold pieces
  2594 | D:4      | Bought a scroll of immolation for 35 gold pieces
  2594 | D:4      | Bought a scroll of teleportation for 30 gold pieces
  2594 | D:4      | Bought a scroll of noise for 10 gold pieces
  2668 | D:4      | Found a snail-covered altar of Cheibriados.
  2893 | D:4      | Noticed Robin
  2918 | D:4      | Killed Robin
  2945 | D:4      | Found a staircase to the Ecumenical Temple.
  2962 | D:4      | Noticed a phantom
  2980 | D:4      | Killed a phantom
  2980 | D:4      | Reached * piety under Okawaru
  2980 | D:4      | Reached XP level 7. HP: 46/60 MP: 10/10
  3100 | D:4      | Found Lechipot's Antique Weapon Boutique.
  3423 | D:4      | Found Nyane's Jewellery Emporium.
  3424 | D:4      | Found an ancient bone altar of Kikubaaqudgha.
  3534 | D:4      | Found Detim's Antique Weapon Shoppe.
  3575 | D:4      | Found a deep blue altar of Sif Muna.
  3625 | D:4      | Found an ornate altar of the Wu Jian Council.
  3627 | D:4      | Found a sparkling altar of Nemelex Xobeh.
  3799 | D:5      | Entered Level 5 of the Dungeon
  3816 | D:5      | Found Wuukk's Food Shoppe.
  3966 | D:5      | Reached ** piety under Okawaru
  3982 | D:5      | Reached XP level 8. HP: 64/67 MP: 12/12
  4049 | D:5      | Found a sparkling altar of Nemelex Xobeh.
  4533 | D:6      | Noticed Duvessa
  4534 | D:6      | Noticed Dowan
  4546 | D:6      | Killed Duvessa
  4569 | D:6      | Noticed Edmund
  4575 | D:6      | Killed Dowan
  4579 | D:6      | Killed Edmund
  4767 | D:6      | Noticed tilp's ghost (novice DEFE)
  4777 | D:6      | Killed tilp's ghost
  4777 | D:6      | Reached XP level 9. HP: 61/73 MP: 12/14
  4881 | D:6      | Reached *** piety under Okawaru
  4936 | D:6      | Found a burning altar of Makhleb.
  5113 | D:6      | Noticed a balrug
  5492 | D:7      | Noticed theanonym's ghost (novice DrTm)
  5546 | D:7      | Killed theanonym's ghost
  5579 | D:7      | Received a gift from Okawaru
  5579 | D:7      | Reached skill level 5 in Invocations
  5721 | D:7      | Noticed Menkaure
  5733 | D:7      | Killed Menkaure
  5760 | D:7      | Noticed a brown ugly thing
  5783 | D:7      | Killed a brown ugly thing
  5783 | D:7      | Reached XP level 10. HP: 67/80 MP: 17/17
  6272 | D:8      | Reached skill level 5 in Short Blades
  6272 | D:8      | Reached skill level 5 in Long Blades
  6272 | D:8      | Reached skill level 5 in Axes
  6272 | D:8      | Reached skill level 5 in Polearms
  6272 | D:8      | Reached skill level 5 in Staves
  6272 | D:8      | Reached skill level 5 in Slings
  6272 | D:8      | Reached skill level 5 in Bows
  6272 | D:8      | Reached skill level 5 in Crossbows
  6272 | D:8      | Reached skill level 5 in Throwing
  6272 | D:8      | Reached skill level 5 in Dodging
  6272 | D:8      | Reached skill level 5 in Stealth
  6272 | D:8      | Reached skill level 5 in Unarmed Combat
  6272 | D:8      | Reached skill level 5 in Spellcasting
  6272 | D:8      | Reached skill level 5 in Evocations
  6333 | D:8      | Reached **** piety under Okawaru
  6537 | D:8      | Got a brightly glowing great sword
  6543 | D:8      | Identified the +1 great sword "Sily" {slice, Str+4 Int+2 Dex-4} (You found it on level 8 of the Dungeon)
  7097 | D:8      | Found a shadowy altar of Dithmenos.
  7124 | D:8      | Noticed a two-headed ogre
  7136 | D:8      | Killed a two-headed ogre
  7488 | D:9      | Received a gift from Okawaru
  7659 | D:9      | Noticed Erolcha
  7690 | D:9      | Cast into level 2 of the Abyss (Erolcha)
  7695 | Abyss:2  | Noticed a starcursed mass
  7751 | Abyss:2  | Received a gift from Okawaru
  7755 | Abyss:2  | Gained mutation: Your body sometimes deteriorates upon taking damage. [mutagenic meat]
  7765 | Abyss:2  | Noticed a worldbinder
  7767 | Abyss:2  | Noticed an ironheart preserver
  7770 | Abyss:2  | Noticed an ironheart preserver
  7772 | Abyss:2  | Noticed an ironheart preserver
  7784 | Abyss:2  | Noticed an ironheart preserver
  7785 | Abyss:2  | Noticed a vault sentinel
  7788 | Abyss:2  | Killed a worldbinder
  7788 | Abyss:2  | Reached XP level 11. HP: 69/87 MP: 19/19
  7798 | Abyss:2  | Noticed a large abomination
  7820 | Abyss:2  | Slain by a large abomination

Vault maps used:
D:1:      minmay_arrival_four_loops, serial_park_tiny_pond
D:2:      zin_statuary, first_bread, serial_park_tiny_2,
          okawaru_altar_gauntlet_db
D:4:      lemuel_blue_sif_altar, old_standard_altar, minitemple,
          minmay_temple_entry_trees, serial_shops, shop, shop,
          nicolae_shop_overgrown_old_shop, shop, grunt_decor_arrowhead,
          uniq_robin
D:5:      serial_shops, nicolae_shop_trees, basic_altar
D:6:      makhleb_altar_promises_db, uniq_edmund, uniq_duvessa
D:7:      centaur_isle, uniq_menkaure
D:8:      lemuel_round_altar, grunt_ogre_cave, minmay_misc_feat_ornament
D:9:      orc_0_dummy, worms_lemuel, uniq_erolcha, uniq_erica, uniq_psyche

Skill      XL: |  1  2  3  4  5  6  7  8  9 10 |
---------------+-------------------------------+-----
Short Blades   | 1 2 3 4 5 |  5.7
Long Blades    | 1 2 3 4 5 |  5.7
Axes           | 1 2 3 4 5 |  5.7
Polearms       | 1 2 3 4 5 |  5.7
Staves         | 1 2 3 4 5 |  5.7
Slings         | 1 2 3 4 5 |  5.7
Bows           | 1 2 3 4 5 |  5.7
Crossbows      | 1 2 3 4 5 |  5.7
Throwing       | 1 2 3 4 5 |  5.7
Dodging        | 1 2 3 4 5 |  5.7
Stealth        | 1 2 3 4 5 |  5.7
Unarmed Combat | 1 2 3 4 5 |  5.7
Spellcasting   | 1 2 3 4 5 |  5.7
Invocations    | 1 2 3 4 5 6 |  6.2
Evocations     | 1 2 3 4 5 |  5.7
Conjurations   | 1 2 3 4 |  4.7
Hexes          | 1 2 3 4 |  4.7
Charms         | 1 2 3 4 |  4.7
Summonings     | 1 2 3 4 |  4.7
Necromancy     | 1 2 3 4 |  4.7
Translocations | 1 2 3 4 |  4.7
Transmutations | 1 2 3 4 |  4.7
Fire Magic     | 1 2 3 4 |  4.7
Ice Magic      | 1 2 3 4 |  4.7
Air Magic      | 1 2 3 4 |  4.7
Earth Magic    | 1 2 3 4 |  4.7
Poison Magic   | 1 2 3 4 |  4.7
Maces & Flails | 5 6 7 |  7.4
Fighting       | 7 8 |  8.8
Armour         | 7 8 |  8.8
Shields        | 7 8 |  8.8

Action                   |  1- 3 |  4- 6 |  7- 9 | 10-12 || total
-------------------------+-------+-------+-------+-------++-------
Melee: Flail             |    63 |   190 |   341 |   337 ||   931
       Bite              |     3 |    19 |    44 |    59 ||   125
 Fire: Blowgun           |       |       |     7 |       ||     7
Throw: Javelin           |       |     4 |     4 |       ||     8
Invok: Heroism           |       |       |     7 |    12 ||    19
Evoke: Wand              |       |       |     1 |       ||     1
  Use: Potion            |       |     3 |     2 |     1 ||     6
       Scroll            |       |     2 |     4 |       ||     6
  Eat: Chunk             |       |     7 |     6 |    12 ||    25
       Fruit             |       |       |     3 |     1 ||     4
Armor: Scale mail        |    20 |    92 |    58 |       ||   170
       Chain mail        |       |       |    37 |   134 ||   171
       Skin              |       |       |    14 |       ||    14
Dodge: Dodged            |    14 |    77 |    88 |    93 ||   272
Block: Shield            |    37 |   165 |   162 |   183 ||   547

Table legend:
 A = Spawn XP
 B = Non-spawn XP
 C = Spawn XP percentage of total XP
 D = Spawn monster count
 E = Non-spawn monster count
 F = Spawn count percentage of total count
 G = Total turns spent on level
                    A         B        C        D         E        F      G
               +---------+---------+-------+---------+---------+-------+---------
         Total |     881 |    8426 |   9.5 |       2 |     192 |   1.0 |  7820
               +---------+---------+-------+---------+---------+-------+---------
           D:1 |       0 |      30 |   0.0 |       0 |      15 |   0.0 |   502
           D:2 |       0 |     128 |   0.0 |       0 |      20 |   0.0 |   996
           D:3 |       0 |     139 |   0.0 |       0 |      19 |   0.0 |   778
           D:4 |       0 |     593 |   0.0 |       0 |      32 |   0.0 |  1523
           D:5 |       0 |     779 |   0.0 |       0 |      19 |   0.0 |   733
           D:6 |       0 |    1199 |   0.0 |       0 |      15 |   0.0 |   939
           D:7 |       0 |    2511 |   0.0 |       0 |      30 |   0.0 |   736
           D:8 |       0 |    2289 |   0.0 |       0 |      22 |   0.0 |  1052
           D:9 |       0 |     758 |   0.0 |       0 |      20 |   0.0 |   431
       Abyss:2 |     881 |       0 | 100.0 |       2 |       0 | 100.0 |   130
               +---------+---------+-------+---------+---------+-------+---------

Vault maps used:
D:1:      minmay_arrival_four_loops, serial_park_tiny_pond
D:2:      zin_statuary, first_bread, serial_park_tiny_2,
          okawaru_altar_gauntlet_db
D:4:      lemuel_blue_sif_altar, old_standard_altar, minitemple,
          minmay_temple_entry_trees, serial_shops, shop, shop,
          nicolae_shop_overgrown_old_shop, shop, grunt_decor_arrowhead,
          uniq_robin
D:5:      serial_shops, nicolae_shop_trees, basic_altar
D:6:      makhleb_altar_promises_db, uniq_edmund, uniq_duvessa
D:7:      centaur_isle, uniq_menkaure
D:8:      lemuel_round_altar, grunt_ogre_cave, minmay_misc_feat_ornament
D:9:      orc_0_dummy, worms_lemuel, uniq_erolcha, uniq_erica, uniq_psyche
